 Dungeon Crawl Stone Soup version 0.28.0-53-g5a82cb258f (webtiles) character file.

Game seed: 9409754677168017866

10 Tirrikindir the Skirmisher (level 2, 0/21 HPs)
             Began as an Octopode Fighter on Aug 16, 2022.
             Constricted to death by a ball python (1 damage)
             ... on level 1 of the Dungeon.
             The game lasted 00:00:23 (58 turns).

Tirrikindir the Skirmisher (Octopode Fighter)         Turns: 58, Time: 00:00:23

Health: 0/21       AC:  1    Str: 15    XL:     2   Next: 20%
Magic:  2/2        EV: 10    Int: 10    God:
Gold:   0          SH:  4    Dex: 11    Spells: 1/1 levels left

rFire   . . .      SeeInvis .   a - +0 long sword
rCold   . . .      Faith    .   b - +0 buckler
rNeg    . . .      Spirit   .   (helmet restricted)
rPois   .          Reflect  .   (no amulet)
rElec   .          Harm     .   (no ring)
rCorr   .          Rampage  .   (no ring)
Will    .....                   (no ring)
Stlth   ++........              (no ring)
HPRegen 0.07/turn               (no ring)
MPRegen 0.08/turn               (no ring)
                                (no ring)
                                (no ring)

@: constricted
A: almost no armour, amphibious, 8 rings, camouflage 1, gelatinous body 1,
(nimble swimmer 1), tentacles
a: no special abilities


You were on level 1 of the Dungeon.
You visited 1 branch of the dungeon, and saw 1 of its levels.

Inventory:

Hand Weapons
 a - a +0 long sword (weapon)
Armour
 b - a +0 buckler (worn)
Potions
 c - a potion of might


   Skills:
 + Level 3.1 Fighting
 * Level 2.2 Long Blades
 + Level 3.1 Dodging
 + Level 1.0 Stealth
 + Level 3.1 Shields


You had one spell level left.
You didn't know any spells.
Your spell library was empty.

Dungeon Overview and Level Annotations

Branches:
Dungeon (1/15)

Altars:


Innate Abilities, Weirdness & Mutations

You cannot wear most types of armour.
You are amphibious.
You can wear up to eight rings at the same time.
Your skin changes colour to match your surroundings (Stealth+).
Your rubbery body absorbs attacks. (AC +1, EV +1)
((You are camouflaged when in or above water. (Stealth+)))
You have tentacles for arms and can constrict up to eight enemies at once.


Message History

The jackal barely misses you.
A ball python comes into view.
The ball python hisses angrily.
You slash the jackal!
You kill the jackal!
You hear an angry hiss.
You hit the jackal. You grab the jackal.
The jackal is severely wounded.
You constrict the jackal, but do no damage.
You block the jackal's attack. The jackal bites you.
You hit the jackal.
You kill the jackal!
A ball python comes into view.
The jackal bites you.
You have reached level 2!
You closely miss the kobold. You grab the kobold. You constrict the kobold.
The jackal bites you. The kobold closely misses you.
The jackal barely misses you.
You hit the kobold.
You kill the kobold!
The jackal bites you.
* * * LOW HITPOINT WARNING * * *
The jackal bites you.
* * * LOW HITPOINT WARNING * * *
You slash the jackal!
You kill the jackal!
The ball python bites you.
* * * LOW HITPOINT WARNING * * *
The ball python grabs you. The ball python constricts you.
* * * LOW HITPOINT WARNING * * *
Your Stealth skill increases to level 1!
You closely miss the ball python. You grab the ball python.
You constrict the ball python.
The ball python bites you but does no damage.
The ball python constricts you.
You slash the ball python!
You kill the ball python!
The frilled lizard barely misses you. The ball python closely misses you.
The ball python grabs you. The ball python constricts you.
You die...

#.# .# #.# ..# #.# #.#
#.# #.. #.# #.# #.# #.#
#.############.#
#.(...........l####.###
#.#######.###..@S......
### #.# ########### #.#
#)# #.# #.# #.# #.# ###


You could see a ball python and a frilled lizard.

Vanquished Creatures
  A ball python (D:1)
  A goblin (D:1)
  4 jackals (D:1)
  3 kobolds (D:1)
9 creatures vanquished.

Notes
Turn   | Place    | Note
-------+----------+-------------------------------------------
     0 | D:1      | Tirrikindir the Octopode Fighter began the quest for the
                  | Orb.
     0 | D:1      | Reached XP level 1. HP: 16/16 MP: 1/1
    54 | D:1      | Reached XP level 2. HP: 10/21 MP: 2/2
    56 | D:1      | HP: 1/21 [constriction (1)]
    57 | D:1      | Reached skill level 1 in Stealth
    58 | D:1      | Constricted to death by a ball python

Illustrated notes

Levels and vault maps discovered:
D:1:      ncdulo_lavacross, layout_basic, minmay_nonomino_d4

Skill      XL: |  1  2 |
---------------+-------+-----
Stealth        | 1 |  1.0
Fighting       | |  3.1
Long Blades    | |  2.2
Dodging        | |  3.1
Shields        | |  3.1

Action                   || total
-------------------------++-------
Melee: Long sword        ||    15
       Constrict         ||     6
       Tentacles         ||     2
Armor: Skin              ||     1
Dodge: Dodged            ||     7
Block: Buckler           ||     3
